 Dungeon Crawl Stone Soup version 0.21.1-1-g345015fe64 (webtiles) character file.

475 RaHiT the Covert (level 6, -3/44 HPs)
             Began as a Vampire Assassin on Feb 15, 2018.
             Slain by a gnoll
             ... wielding a +0 whip
              (10 damage)
             ... on level 3 of the Dungeon.
             The game lasted 00:29:52 (5250 turns).

RaHiT the Covert (Vampire Assassin)                 Turns: 5250, Time: 00:29:53

Health: -3/44      AC:  4    Str: 10    XL:     6   Next: 84%
Magic:  6/6        EV: 20    Int: 15    God:
Gold:   170        SH:  0    Dex: 21    Spells: 5/5 levels left

rFire    + . .     SeeInvis +   x - +0 dagger (curse)
rCold    + . .     Gourm    .   (no shield)
rNeg     + + .     Faith    .   c - +0 robe
rPois    +         Spirit   .   h - +0 helmet
rElec    .         Reflect  .   d - +0 cloak
rCorr    .         Harm     .   (no gloves)
MR       .....                  (no boots)
Stlth    ++++++....             (no amulet)
HPRegen  0.07/turn              l - ring of protection from cold
MPRegen  0.10/turn              v - ring of fire

@: agile, regenerating slowly
A: fangs 3, see invisible, unbreathing
a: Bat Form


You were on level 3 of the Dungeon.
You were thirsty.

You visited 1 branch of the dungeon, and saw 4 of its levels.

You collected 170 gold pieces.

Inventory:

Hand Weapons
 a - a +2 dagger
 b - a +0 blowgun
 t - a +3 mace
 x - a cursed +0 dagger (weapon)
Missiles
 e - 41 poisoned needles
 f - 5 curare-tipped needles
 j - 3 throwing nets
 r - 7 needles of sleeping
 u - 6 tomahawks (quivered)
Armour
 c - a +0 robe (worn)
 d - a +0 cloak (worn)
 h - a +0 helmet (worn)
 w - a +0 ring mail
Jewellery
 l - a ring of protection from cold (left hand)
 v - a ring of fire (right hand)
Wands
 A - a wand of polymorph (7)
Scrolls
 i - a scroll of enchant weapon
 k - a scroll of enchant armour
 y - a scroll of identify
Potions
 g - 20 potions of blood
 m - a potion of flight {unknown}
 n - a potion of brilliance {unknown}
 o - a potion of degeneration {unknown}
 p - a potion of heal wounds {unknown}
 q - a potion of agility
 s - a potion of might {unknown}
 z - a potion of curing {unknown}
 B - a potion of mutation {unknown}


   Skills:
 - Level 2.0 Fighting
 + Level 4.4 Short Blades
 - Level 3.0 Throwing
 + Level 0.6 Armour
 + Level 4.0 Dodging
 + Level 8.1 Stealth
 + Level 0.2 Evocations


You had 5 spell levels left.
You didn't know any spells.

Dungeon Overview and Level Annotations

Branches:
Dungeon (4/15)
 Temple: D:4-7

Altars:
Nemelex Xobeh
Okawaru
Sif Muna
Trog
The Shining One

Annotations:
D:4 subsebi's ghost, amateur DsCK


Innate Abilities, Weirdness & Mutations

You heal slowly.
You have razor-sharp teeth.
You have supernaturally acute eyesight. (SInv)
You can survive without breathing.


Message History

You throw a tomahawk. The tomahawk hits the gnoll.
The gnoll is severely wounded.
The gnoll hits you with a whip!
* * * LOW HITPOINT WARNING * * *
There is a stone staircase leading up here.
The gnoll barely misses you.
You climb upwards.
There is a stone staircase leading down here.
You fail to use your ability.
The gnoll barely misses you.
It was a potion of agility.
You feel agile all of a sudden. The gnoll closely misses you.
You hit the gnoll but do no damage.
The gnoll is severely wounded.
The gnoll hits you with a whip.
* * * LOW HITPOINT WARNING * * *
You hit the gnoll but do no damage. Your bite misses the gnoll.
The gnoll is severely wounded.
The gnoll hits you with a whip!
You die...

##########...#...................
######.....#.............#.......
§§§###.####..............########
§§§§##................[........#
§§§.##........#.......>........#
§§§§##.....#.###...#...#.#.....#
.§§####.##......########.#######
######..#####........###.#....#
....##..# ##..@g..>.##.#....#
######..# #...........>.....#
§.§.##### #..........###....###
§§.§## #..........##........
§§.§## #..........##........
§§§§#########..........##........
§§.§##................###........
######...........................
#############..........##........


You could see a gnoll.

Vanquished Creatures
  An ogre (D:3)
  A big kobold (D:4)
  A hound (D:4)
  2 orc wizards (D:4)
  An iguana (D:4)
  2 worker ants
  A hound skeleton (D:4)
  8 adders
  2 oozes
  A dart slug (D:1)
  2 worms (D:2)
  6 orcs
  3 ball pythons
  3 giant cockroaches
  6 goblins
  2 hobgoblins (D:1)
  2 jackals (D:1)
  2 ball python skeletons (D:4)
  7 bats
  3 frilled lizards
  9 kobolds
  14 rats
79 creatures vanquished.

Vanquished Creatures (others)
  A plant (D:4)
1 creature vanquished.

Grand Total: 80 creatures vanquished

Notes
Turn   | Place    | Note
-------+----------+-------------------------------------------
     0 | D:1      | RaHiT the Vampire Assassin began the quest for the Orb.
     0 | D:1      | Reached XP level 1. HP: 16/16 MP: 1/1
   284 | D:1      | Reached skill level 6 in Stealth
   308 | D:1      | Reached XP level 2. HP: 22/22 MP: 2/2
   782 | D:1      | Reached XP level 3. HP: 27/27 MP: 3/3
  1035 | D:2      | Found an iron altar of Okawaru.
  1073 | D:2      | Found a deep blue altar of Sif Muna.
  1423 | D:2      | Noticed a moth of wrath
  1426 | D:2      | Found a bloodstained altar of Trog.
  1791 | D:2      | Reached XP level 4. HP: 33/33 MP: 4/4
  2238 | D:3      | Found a sparkling altar of Nemelex Xobeh.
  2368 | D:3      | Noticed a bullfrog
  2424 | D:3      | Reached skill level 7 in Stealth
  2611 | D:3      | Reached XP level 5. HP: 34/38 MP: 5/5
  2685 | D:3      | Found a glowing golden altar of the Shining One.
  3273 | D:4      | Noticed an ogre
  3629 | D:3      | Killed an ogre
  3657 | D:4      | Reached XP level 6. HP: 44/44 MP: 6/6
  4481 | D:4      | Reached skill level 8 in Stealth
  4838 | D:4      | Noticed subsebi's ghost (amateur DsCK)
  5250 | D:3      | Slain by a gnoll

Skill      XL: |  1  2  3  4  5  6 |
---------------+-------------------+-----
Stealth        | 6 7 8 |  8.1
Fighting       | 2 |  2.0
Throwing       | 2 3 |  3.0
Dodging        | 2 3 4 |  4.0
Short Blades   | 3 4 |  4.4
Armour         | |  0.6
Evocations     | |  0.2

Action                   |  1- 3 |  4- 6 || total
-------------------------+-------+-------++-------
Melee: Dagger            |    76 |   237 ||   313
       Bite              |     5 |    21 ||    26
 Fire: Blowgun           |    26 |     3 ||    29
Throw: Tomahawk          |       |    41 ||    41
 Abil: End Transformatio |       |     3 ||     3
       Bat Form          |       |     3 ||     3
  Use: Potion            |     2 |     9 ||    11
       Scroll            |       |     5 ||     5
 Stab: Sleeping          |     8 |    12 ||    20
       Distracted        |       |     1 ||     1
Armor: Robe              |    14 |    37 ||    51
Dodge: Dodged            |    46 |   126 ||   172
